 Dungeon Crawl Stone Soup version 0.21.1-1-g345015f (webtiles) character file.

1290 theblackcape the Magician (level 8, -4/58 HPs)
             Began as a Gnoll Wizard on July 5, 2018.
             Was an Initiate of Ashenzari.
             Slain by a worker ant (5 damage)
             ... on level 7 of the Dungeon.
             The game lasted 00:20:15 (5346 turns).

theblackcape the Magician (Gnoll Wizard)            Turns: 5346, Time: 00:20:16

Health: -4/58      AC:  5    Str: 10    XL:     8   Next: 55%
Magic:  17/19      EV: 15    Int: 22    God:    Ashenzari [......]
Gold:   301        SH:  0    Dex: 14    Spells: 11/22 levels left

rFire    . . .     SeeInvis .   D - +0 scythe (slice) (curse)
rCold    . . .     Gourm    .   (shield currently unavailable)
rNeg     . . .     Faith    .   G - +0 animal skin (curse)
rPois    .         Spirit   .   r - +0 helmet
rElec    .         Reflect  .   (no cloak)
rCorr    .         Harm     .   n - +0 pair of gloves
MR       +....                  g - +0 pair of boots
Stlth    ++........             (no amulet)
HPRegen  0.19/turn              t - ring of loudness (curse)
MPRegen  0.16/turn              a - ring of protection from magic (curse)

@: about to teleport
A: distributed training, fangs 1, strong nose
a: Curse Item, Renounce Religion


You were on level 7 of the Dungeon.
You worshipped Ashenzari.
Ashenzari was noncommittal.
You were very hungry.

You visited 2 branches of the dungeon, and saw 8 of its levels.

You collected 301 gold pieces.

Inventory:

Hand Weapons
 j - a +0 hunting sling
 y - a +0 spear
 D - a cursed +0 scythe of slicing (weapon)
 I - a +2 mace of holy wrath
 J - a +3 long sword
Missiles
 k - 98 stones (quivered)
 p - 74 sling bullets
Armour
 g - a +0 pair of boots (worn)
 n - a +0 pair of gloves (worn)
 r - a +0 helmet (worn)
 G - a cursed +0 animal skin (worn)
Jewellery
 a - a cursed ring of protection from magic (right hand)
 t - a cursed ring of loudness (left hand)
 K - an uncursed amulet of harm
Wands
 H - a wand of polymorph (11)
Scrolls
 e - 4 scrolls of identify
 l - 2 scrolls of teleportation
 m - a scroll of fear {unknown}
 q - 2 scrolls of blinking {unknown}
 u - a scroll of immolation {unknown}
 w - 3 scrolls of remove curse
 x - 2 scrolls of noise {unknown}
 A - 2 scrolls of magic mapping {unknown}
 C - a scroll of enchant armour {unknown}
 E - a scroll of amnesia {unknown}
 F - a scroll of enchant weapon {unknown}
Potions
 b - a potion of flight {unknown}
 f - 2 potions of degeneration {unknown}
 h - 5 potions of heal wounds {unknown}
 i - a potion of invisibility {unknown}
 o - 2 potions of lignification {unknown}
 s - 3 potions of might {unknown}
 v - a potion of agility {unknown}
 z - a potion of mutation {unknown}
 B - 4 potions of curing {unknown}
 L - a potion of brilliance {unknown}
Books
 c - a book of Minor Magic

   Spells                             Type                      Level
   a - Magic Dart                     Conjuration                  1
   b - Blink                          Translocation                2
   c - Call Imp                       Summoning                    2
   d - Slow                           Hexes                        2
   e - Conjure Flame                  Conjuration/Fire             3
   f - Mephitic Cloud                 Conjuration/Poison/Air       3
 M - a book of Conjurations

   Spells                             Type                      Level
   a - Magic Dart                     Conjuration                  1
   b - Searing Ray                    Conjuration                  2
   c - Dazzling Spray                 Conjuration/Hexes            3
   d - Fulminant Prism                Conjuration/Hexes            4
   e - Force Lance                    Conjuration/Translocation    4
   f - Iskenderun's Mystic Blast      Conjuration                  4
Comestibles
 d - 9 rations


   Skills:
 + Level 3.3 Fighting
 + Level 3.3 Short Blades
 + Level 3.3 Long Blades
 + Level 3.3 Axes
 + Level 3.3 Maces & Flails
 + Level 3.3 Polearms
 + Level 3.3 Staves
 + Level 3.3 Slings
 + Level 3.3 Bows
 + Level 3.3 Crossbows
 + Level 3.3 Throwing
 + Level 3.3 Armour
 + Level 5.7 Dodging
 + Level 5.4 Stealth
 + Level 3.3 Shields
 + Level 3.3 Unarmed Combat
 + Level 7.9 Spellcasting
 + Level 3.5 Conjurations
 + Level 2.7 Hexes
 + Level 2.7 Charms
 + Level 3.5 Summonings
 + Level 2.7 Necromancy
 + Level 3.5 Translocations
 + Level 2.7 Transmutations
 + Level 2.7 Fire Magic
 + Level 2.7 Ice Magic
 + Level 2.7 Air Magic
 + Level 2.7 Earth Magic
 + Level 2.7 Poison Magic
 + Level 3.6 Invocations
 + Level 3.3 Evocations


You had 11 spell levels left.
You knew the following spells:

 Your Spells              Type           Power        Failure   Level  Hunger
a - Magic Dart            Conj           ###.         1%          1    None
b - Call Imp              Summ           ###.....     2%          2    None
c - Conjure Flame         Conj/Fire      ###.....     6%          3    None
d - Mephitic Cloud        Conj/Pois/Air  ###.....     7%          3    None
e - Blink                 Tloc           N/A          2%          2    None


Dungeon Overview and Level Annotations

Branches:
Dungeon (7/15)             Temple (1/1) D:6

Altars:
Ashenzari
Cheibriados
Dithmenos
Elyvilon
Fedhas
Gozag
Hepliaklqana
Makhleb
Nemelex Xobeh
Okawaru
Qazlal
Ru
Sif Muna
Trog
Uskayaw
Vehumet
Wu Jian
Yredelemnul
Zin
The Shining One

Shops:
D:5 %

Annotations:
D:7 Pikel


Innate Abilities, Weirdness & Mutations

Your experience applies equally to all skills.
You have very sharp teeth.
Your uncanny sense of smell can sniff out nearby items.


Message History

The giant cockroach misses you. The slave hits you.
* * * LOW HITPOINT WARNING * * *
Pikel hits you with a whip of flaming.
* * * LOW HITPOINT WARNING * * *
Pikel burns you.
* * * LOW HITPOINT WARNING * * *
As you read the scroll labeled ZAIPI GOOFOU, it crumbles to dust.
It is a scroll of identify.
l - 3 scrolls of teleportation The worker ant closely misses you.
The slave misses you. The slave barely misses you.
The giant cockroach barely misses you. The slave barely misses you.
Your shadow imp barely misses the worker ant.
Pikel hits you with a whip of flaming!
* * * LOW HITPOINT WARNING * * *
Pikel burns you.
* * * LOW HITPOINT WARNING * * *
As you read the scroll of teleportation, it crumbles to dust.
You feel strangely unstable. The worker ant bites you.
You die...

.. ..##### .......##
###########
........######.......>.#
%........#.....###.#####
......<....#######.#
......pKp########..####
.....pa@p# #.........#
.....5s..# #.........#
........## #.........#
.......## #.........#
......# #.........#
#.###. ####.........# #
## #............#
...............#
###............#


You could see Pikel, 4 slaves, a worker ant, a giant cockroach and a friendly
shadow imp.

Vanquished Creatures
  3 sky beasts
  A bullfrog (D:5)
  Blork the orc (D:5)
  A scorpion (D:4)
  5 crimson imps
  A hound (D:3)
  A bullfrog zombie (D:7)
  An iron imp (D:5)
  3 iguanas
  3 worker ants
  Natasha (twice) (D:3)
  2 hound skeletons
  2 gnolls (D:6)
  6 adders
  2 shadow imps (D:5)
  An adder skeleton (D:4)
  A dart slug (D:3)
  A leopard gecko (D:6)
  6 orcs
  5 giant cockroaches
  7 goblins
  3 hobgoblins
  4 jackals
  2 quokkas
  A ball python (D:4)
  4 bats
  4 frilled lizards
  6 kobolds
  6 rats
85 creatures vanquished.

Vanquished Creatures (collateral kills)
  Sigmund (D:3)
  An ogre (D:5)
  2 orc wizards
  Natasha (D:3)
  A worker ant (D:4)
  Robin (D:4)
  2 adders
  2 gnolls (D:6)
  A worm (D:3)
  An orc (D:6)
  7 goblins (D:4)
  A hobgoblin (D:3)
  2 jackals (D:6)
  A quokka (D:3)
  A ball python (D:3)
  A bat (D:3)
26 creatures vanquished.

Grand Total: 111 creatures vanquished

Notes
Turn   | Place    | Note
-------+----------+-------------------------------------------
     0 | D:1      | theblackcape the Gnoll Wizard began the quest for the Orb.
     0 | D:1      | Reached XP level 1. HP: 13/13 MP: 8/8
   935 | D:2      | Reached XP level 2. HP: 19/19 MP: 5/10
  1066 | D:2      | Reached XP level 3. HP: 20/25 MP: 5/11
  1205 | D:2      | Reached skill level 1 in Invocations
  1301 | D:2      | Reached skill level 1 in Fighting
  1301 | D:2      | Reached skill level 1 in Short Blades
  1301 | D:2      | Reached skill level 1 in Long Blades
  1301 | D:2      | Reached skill level 1 in Axes
  1301 | D:2      | Reached skill level 1 in Maces & Flails
  1301 | D:2      | Reached skill level 1 in Polearms
  1301 | D:2      | Reached skill level 1 in Staves
  1301 | D:2      | Reached skill level 1 in Slings
  1301 | D:2      | Reached skill level 1 in Bows
  1301 | D:2      | Reached skill level 1 in Crossbows
  1301 | D:2      | Reached skill level 1 in Throwing
  1301 | D:2      | Reached skill level 1 in Armour
  1301 | D:2      | Reached skill level 1 in Shields
  1301 | D:2      | Reached skill level 1 in Unarmed Combat
  1301 | D:2      | Reached skill level 1 in Evocations
  1541 | D:2      | Reached XP level 4. HP: 31/32 MP: 2/13
  1944 | D:3      | Noticed Natasha
  1948 | D:3      | Killed Natasha
  2031 | D:3      | Learned a level 2 spell: Call Imp
  2035 | D:3      | Learned a level 3 spell: Conjure Flame
  2039 | D:3      | Learned a level 3 spell: Mephitic Cloud
  2042 | D:3      | Learned a level 2 spell: Blink
  2083 | D:3      | Reached skill level 1 in Hexes
  2083 | D:3      | Reached skill level 1 in Charms
  2083 | D:3      | Reached skill level 1 in Necromancy
  2083 | D:3      | Reached skill level 1 in Transmutations
  2083 | D:3      | Reached skill level 1 in Fire Magic
  2083 | D:3      | Reached skill level 1 in Ice Magic
  2083 | D:3      | Reached skill level 1 in Air Magic
  2083 | D:3      | Reached skill level 1 in Earth Magic
  2083 | D:3      | Reached skill level 1 in Poison Magic
  2181 | D:3      | Noticed Natasha
  2192 | D:3      | Killed Natasha
  2240 | D:3      | Reached XP level 5. HP: 37/37 MP: 4/14
  2423 | D:3      | Noticed Sigmund
  2443 | D:3      | Killed Sigmund
  2443 | D:3      | Reached XP level 6. HP: 28/44 MP: 3/16
  2598 | D:3      | Noticed Natasha
  2602 | D:3      | Killed Natasha
  2753 | D:4      | Found a stormy altar of Qazlal.
  2763 | D:4      | Reached skill level 5 in Dodging
  2921 | D:4      | Noticed Robin
  3040 | D:4      | Killed Robin
  3254 | D:4      | Reached XP level 7. HP: 50/50 MP: 14/18
  3363 | D:5      | Entered Level 5 of the Dungeon
  3385 | D:5      | Found Uwoehosyant's Food Boutique.
  3548 | D:5      | Found a snail-covered altar of Cheibriados.
  3622 | D:5      | Reached skill level 5 in Stealth
  3632 | D:5      | Noticed Blork the orc
  3650 | D:5      | Killed Blork the orc
  3999 | D:5      | Found a glowing silver altar of Zin.
  4023 | D:5      | Reached XP level 8. HP: 53/57 MP: 13/19
  4046 | D:5      | Found a glowing golden altar of the Shining One.
  4048 | D:5      | Found a white marble altar of Elyvilon.
  4470 | D:6      | Found an ornate altar of the Wu Jian Council.
  4470 | D:6      | Found a basalt altar of Yredelemnul.
  4621 | D:6      | Found a staircase to the Ecumenical Temple.
  4654 | Temple   | Entered the Ecumenical Temple
  4674 | Temple   | Became a worshipper of Ashenzari the Shackled
  5336 | D:7      | Noticed Pikel
  5345 | D:7      | HP: 1/58 [Pikel/whip of flaming (2)]
  5346 | D:7      | Slain by a worker ant

Skill      XL: |  1  2  3  4  5  6  7  8 |
---------------+-------------------------+-----
Conjurations   | 2 3 |  3.5
Summonings     | 2 3 |  3.5
Translocations | 2 3 |  3.5
Invocations    | 1 2 3 |  3.6
Fighting       | 1 2 3 |  3.3
Short Blades   | 1 2 3 |  3.3
Long Blades    | 1 2 3 |  3.3
Axes           | 1 2 3 |  3.3
Maces & Flails | 1 2 3 |  3.3
Polearms       | 1 2 3 |  3.3
Staves         | 1 2 3 |  3.3
Slings         | 1 2 3 |  3.3
Bows           | 1 2 3 |  3.3
Crossbows      | 1 2 3 |  3.3
Throwing       | 1 2 3 |  3.3
Armour         | 1 2 3 |  3.3
Shields        | 1 2 3 |  3.3
Unarmed Combat | 1 2 3 |  3.3
Evocations     | 1 2 3 |  3.3
Hexes          | 1 2 |  2.7
Charms         | 1 2 |  2.7
Necromancy     | 1 2 |  2.7
Transmutations | 1 2 |  2.7
Fire Magic     | 1 2 |  2.7
Ice Magic      | 1 2 |  2.7
Air Magic      | 1 2 |  2.7
Earth Magic    | 1 2 |  2.7
Poison Magic   | 1 2 |  2.7
Dodging        | 5 |  5.7
Stealth        | 5 |  5.4
Spellcasting   | |  7.9

Action                   |  1- 3 |  4- 6 |  7- 9 || total
-------------------------+-------+-------+-------++-------
Melee: Dagger            |     3 |       |       ||     3
       Spear             |       |    20 |       ||    20
       Scythe            |       |    35 |    99 ||   134
       Bite              |       |     4 |     7 ||    11
 Cast: Magic Dart        |    64 |    75 |    78 ||   217
       Call Imp          |       |    21 |    17 ||    38
Invok: Curse Item        |       |       |     2 ||     2
  Use: Scroll            |       |       |     2 ||     2
 Stab: Distracted        |       |     1 |       ||     1
       Sleeping          |       |     1 |     1 ||     2
  Eat: Chunk             |     2 |     5 |     6 ||    13
Armor: Robe              |     3 |    24 |       ||    27
       Animal skin       |       |     5 |    30 ||    35
Dodge: Dodged            |     9 |    66 |    88 ||   163
